Map: Fields of Shazir

Players

panzz

  • Race: Terran Terran
  • League: Gold
  • Spawn Location: 9:00

Abome

  • Race: Zerg Zerg
  • Spawn Location: 9:00

Metasapien

  • Race: Zerg Zerg
  • League: Platinum
  • Spawn Location: 7:00

Chemists - Winner!

  • Race: Protoss Protoss
  • Spawn Location: 3:00

Doom - Winner!

  • Race: Terran Terran
  • Spawn Location: 5:00

SuzyBae - Winner!

  • Race: Terran Terran
  • League: Master
  • Spawn Location: 3:00

VOD

Have the link to the VOD?

Description

Time

  • Played on: Sept. 24, 2017, 5:13 a.m.
  • Length: 15:05
Show
View Real Time Build Order
Export as new Build Order

panzz Terran 

Build Orders: Command Center First (CC) 

Get SALT Encoding   

  12  0:01  SCV  
  13  0:13  SCV  
  14  0:19  Supply Depot  
  14  0:25  SCV  
  15  0:40  SCV  
  16  0:52  SCV  
  17  1:01  Command Center  
  17  1:06  SCV  
  18  1:20  Barracks  
  18  1:23  SCV  
  19  1:32  Supply Depot  
  19  1:51  SCV  
  20  1:56  Barracks  
  20  2:10  Marine  
  21  2:15  Bunker  
  21  2:18  Orbital Command  
  21  2:28  Supply Depot, Marine  
  22  2:30  Orbital Command  
  21  2:44  Marine  
  19  2:46  Marine  
  19  3:02  Marine  
  19  3:04  Marine  
  19  3:18  SCV  
  19  3:19  Marine  
  17  3:21  Marine  
  6  3:37  Marine  
  6  3:39  Marine  
  8  3:55  Marine  
  8  3:57  Marine  
  9  4:13  Marine  
Show
View Real Time Build Order
Export as new Build Order

Abome Zerg 

Build Orders: Pool First, Muta Ling Bane 

Get SALT Encoding   

  12  0:01  Drone  
  13  0:12  Drone  
  14  0:19  Overlord  
  14  0:38  Spawning Pool  
  14  0:41  Drone  
  14  0:43  Drone  
  15  1:13  Drone, Hatchery  
  15  1:20  Drone  
  15  1:24  Extractor  
  15  1:25  Drone  
  15  1:26  Drone  
  17  1:37  Queen  
  19  1:42  Drone  
  20  1:49  Drone  
  21  1:57  Overlord  
  21  2:10  Drone  
  21  2:15  Queen  
  24  2:21  Overlord  
  24  2:28  Metabolic Boost  
  24  2:35  Zergling x4  
  26  2:41  Drone x2  
  28  2:47  Drone  
  28  2:48  Drone x3  
  32  3:17  Zergling x6  
  32  3:18  Zergling x4  
  37  3:20  Lair  
  37  3:26  Zergling x6  
  37  3:27  Zergling x2  
  41  3:40  Overlord  
  41  3:50  Zergling x2  
  42  3:58  Spore Crawler  
  42  4:00  Drone x2  
  42  4:01  Drone  
  42  4:30  Drone, Zergling x12  
  47  4:45  Drone x5  
  51  5:00  Extractor  
  38  5:25  Zergling x8  
  38  5:26  Zergling x4  
  42  5:33  Spire  
  42  5:35  Drone x2  
  42  5:36  Drone, Baneling Nest  
  42  5:38  Extractor  
  42  5:41  Extractor  
  41  5:48  Drone x3  
  44  5:56  Hatchery  
  41  6:09  Spore Crawler  
  37  6:21  Queen  
  36  6:30  Drone  
  36  6:31  Drone x6  
  36  6:32  Drone  
  44  6:33  Queen  
  44  6:37  Spore Crawler  
  45  6:48  Mutalisk x3  
  45  6:51  Overlord x3  
  51  7:04  Centrifical Hooks  
  51  7:10  Overlord  
  51  7:11  Drone x6  
  51  7:13  Queen  
  59  7:21  Mutalisk x2  
  63  7:29  Mutalisk x2  
  63  7:30  Mutalisk  
  63  7:33  Overlord  
  69  7:38  Spore Crawler  
  69  7:40  Spore Crawler  
  69  7:42  Spine Crawler  
  66  7:55  Overseer  
  66  7:59  Mutalisk x3  
  66  8:01  Drone x2  
  66  8:02  Drone x6  
  66  8:03  Drone  
  81  8:05  Extractor  
  81  8:07  Extractor  
  79  8:21  Drone x4  
  66  9:03  Drone x6  
  66  9:04  Drone x3  
  75  9:15  Zergling x6  
  78  9:23  Zergling x4  
  80  9:29  Hatchery  
  79  9:31  Hatchery  
  78  9:44  Zergling x10  
  78  9:45  Zergling x2  
  84  9:55  Zergling x6  
  84  9:58  Zerg Flyer Weapons Level 1, Infestation Pit  
  86  10:00  Overlord x4  
  86  10:10  Evolution Chamber  
  86  10:13  Evolution Chamber  
  84  10:26  Mutalisk x4  
  84  10:27  Mutalisk x4  
  84  10:28  Zergling x6  
  102  10:58  Hatchery  
  101  11:04  Drone  
  101  11:05  Drone x7  
  101  11:06  Drone  
  110  11:11  Baneling  
  110  11:12  Baneling x6  
  110  11:13  Baneling x2  
  110  11:20  Hive  
  110  11:25  Mutalisk x2  
  110  11:26  Mutalisk x4  
  110  11:28  Overlord  
  110  11:32  Baneling x3  
  122  11:33  Baneling x2  
  122  11:39  Queen  
  124  11:49  Zerg Ground Armor Level 1, Zerg Melee Weapons Level 1  
  94  12:34  Mutalisk x3  
  94  12:35  Mutalisk x6  
  94  12:36  Mutalisk x2  
  92  12:37  Zergling x10  
  92  12:38  Zergling x10  
  92  12:39  Zergling x6  
Show
View Real Time Build Order
Export as new Build Order

Metasapien Zerg 

Build Orders: Hatch First, Swarm Host 

Get SALT Encoding   

  12  0:35  Hatchery  
  12  0:36  Overlord  
  11  0:44  Drone  
  11  0:47  Drone  
  13  0:52  Drone  
  14  1:03  Drone  
  15  1:17  Spawning Pool  
  14  1:19  Extractor  
  14  1:20  Drone  
  14  1:24  Drone  
  15  1:36  Drone  
  16  1:49  Drone  
  16  1:51  Drone  
  18  1:58  Drone  
  18  1:59  Drone  
  20  2:17  Drone  
  20  2:19  Drone x2  
  23  2:24  Drone  
  23  2:25  Hatchery  
  23  2:34  Queen  
  25  2:42  Metabolic Boost  
  25  2:48  Drone x2  
  27  2:53  Spine Crawler  
  27  2:58  Drone  
  27  3:00  Drone  
  28  3:10  Overlord  
  28  3:17  Overlord  
  28  3:19  Extractor  
  27  3:28  Queen  
  27  3:30  Drone x2  
  27  3:33  Drone x2  
  27  3:34  Drone  
  34  3:38  Queen  
  34  3:39  Drone  
  37  3:43  Extractor  
  37  3:44  Drone  
  37  4:05  Lair  
  37  4:10  Drone x3  
  37  4:11  Drone  
  37  4:12  Drone x2  
  37  4:13  Spore Crawler  
  42  4:19  Spore Crawler  
  42  4:23  Drone  
  42  4:24  Drone x3  
  44  4:25  Drone  
  46  4:40  Roach Warren  
  46  4:41  Zergling x2  
  46  4:42  Zergling x8  
  50  4:48  Overlord x2  
  50  5:02  Overlord  
  50  5:03  Overlord  
  50  5:05  Overlord  
  50  5:07  Drone  
  50  5:09  Drone  
  50  5:10  Drone x2  
  53  5:22  Extractor  
  51  5:33  Roach x3  
  54  5:38  Drone x2  
  54  5:40  Drone x3  
  59  5:43  Drone x3  
  59  5:44  Drone x3  
  65  5:53  Roach x2  
  65  5:54  Roach x5  
  79  6:04  Hydralisk Den  
  79  6:05  Glial Reconstitution  
  79  6:10  Roach  
  79  6:11  Roach x5  
  86  6:12  Roach x2  
  69  6:34  Hydralisk  
  69  6:35  Roach, Hydralisk x4  
  69  6:36  Roach x3  
  85  6:41  Drone x3  
  85  6:43  Queen  
  87  6:56  Queen x2  
  87  6:58  Overseer  
  87  6:59  Overseer  
  88  7:04  Overseer  
  88  7:08  Zergling x4  
  88  7:19  Zergling x4  
  88  7:22  Overlord x3  
  90  7:47  Drone  
  90  7:48  Drone x3  
  90  7:50  Drone x2  
  96  8:02  Drone x3  
  96  8:03  Drone  
  96  8:04  Drone x2  
  96  8:05  Drone  
  103  8:10  Pneumatized Carapace  
  103  8:11  Burrow  
  103  8:13  Muscular Augments  
  103  8:14  Infestation Pit  
  102  8:29  Drone x4  
  102  8:30  Drone  
  102  8:32  Extractor  
  102  8:50  Drone x2  
  102  8:55  Extractor  
  103  8:56  Hydralisk x5  
  113  9:05  Evolution Chamber  
  113  9:06  Evolution Chamber  
  111  9:10  Overseer  
  111  9:13  Drone x3  
  114  9:17  Overlord x3  
  114  9:18  Overlord  
  114  9:36  Zerg Ground Armor Level 1, Zerg Missile Weapons Level 1  
  114  9:53  Drone x3  
  114  9:55  Drone  
  114  9:56  Drone x2  
  114  9:58  Swarm Host x6  
  114  9:59  Swarm Host x2  
  144  10:02  Roach  
  144  10:06  Overlord x3  
  146  10:16  Pathogen Glands  
  146  10:23  Overlord x4  
  146  10:28  Hive  
  146  10:30  Hydralisk  
  146  10:31  Zergling x2  
  146  10:32  Swarm Host, Zergling x4  
  160  11:01  Hatchery  
  160  11:02  Hydralisk x4  
  160  11:03  Zergling x4  
  160  11:04  Swarm Host x2, Zergling x4  
  171  11:05  Swarm Host x3  
  186  11:24  Hydralisk x4  
  186  11:25  Hydralisk x2  
  196  11:31  Zerg Missile Weapons Level 2  
  198  11:56  Nydus Network  
  135  12:39  Hydralisk  
  135  12:40  Hydralisk x3  
  135  12:41  Roach x3, Hydralisk x4  
  135  12:42  Roach x4, Hydralisk  
  145  13:04  Drone x3  
  148  13:19  Hydralisk x2  
  152  13:20  Roach x2, Hydralisk x3  
  152  13:21  Roach x3  
  152  13:24  Extractor  
  167  13:27  Extractor  
  156  13:40  Drone  
  121  14:08  Zergling x16  
  121  14:09  Zergling x14  
  69  14:42  Drone  
Show
View Real Time Build Order
Export as new Build Order

Chemists Protoss - Winner!

Build Orders:  

Get SALT Encoding   

  12  0:01  Probe (Chrono Boost)  
  13  0:12  Probe (Chrono Boost)  
  14  0:19  Pylon  
  14  0:23  Probe (Chrono Boost)  
  15  0:37  Probe (Chrono Boost)  
  15  0:41  Gateway  
  16  0:47  Probe (Chrono Boost)  
  16  0:48  Assimilator  
  17  0:58  Probe (Chrono Boost)  
  18  1:08  Probe (Chrono Boost)  
  18  1:09  Assimilator  
  19  1:20  Probe (Chrono Boost)  
  20  1:32  Probe (Chrono Boost)  
  21  1:35  Cybernetics Core  
  21  1:42  Probe (Chrono Boost)  
  21  1:45  Pylon  
  22  1:53  Probe (Chrono Boost)  
  23  2:03  Forge  
  23  2:06  Probe (Chrono Boost)  
  24  2:17  Mothership Core (Chrono Boost)  
  26  2:26  Adept  
  28  2:36  Nexus  
  28  2:47  Pylon  
  27  3:00  Probe (Chrono Boost)  
  27  3:02  Adept  
  27  3:04  Warp Gate  
  30  3:17  Probe (Chrono Boost)  
  31  3:28  Probe (Chrono Boost)  
  32  3:37  Stalker  
  32  3:39  Probe (Chrono Boost)  
  35  3:42  Protoss Ground Weapons Level 1, Robotics Facility  
  35  3:49  Pylon  
  35  3:58  Probe (Chrono Boost)  
  36  4:03  Pylon  
  36  4:06  Probe (Chrono Boost)  
  36  4:08  Probe (Chrono Boost)  
  38  4:14  Photon Cannon  
  38  4:17  Probe (Chrono Boost)  
  41  4:19  Stalker  
  41  4:25  Probe (Chrono Boost)  
  41  4:27  Probe (Chrono Boost)  
  43  4:33  Observer  
  43  4:35  Pylon  
  43  4:37  Pylon  
  44  4:53  Mothership Core (Chrono Boost)  
  44  5:00  Immortal  
  44  5:04  Probe (Chrono Boost)  
  44  5:05  Photon Cannon  
  49  5:11  Probe (Chrono Boost)  
  50  5:26  Probe (Chrono Boost)  
  49  5:34  Gateway  
  49  5:35  Gateway  
  49  5:38  Probe (Chrono Boost), Gateway  
  50  5:47  Pylon  
  50  5:49  Probe (Chrono Boost)  
  51  5:50  Pylon  
  51  5:51  Robotics Bay  
  51  5:54  Assimilator  
  51  5:57  Assimilator  
  51  5:59  Probe (Chrono Boost)  
  52  6:10  Nexus  
  52  6:23  Probe (Chrono Boost)  
  53  6:32  Probe (Chrono Boost)  
  54  6:33  Probe (Chrono Boost)  
  54  6:36  Robotics Facility  
  54  6:39  Robotics Facility  
  49  6:54  Probe (Chrono Boost)  
  49  6:55  Colossus  
  56  7:02  Probe (Chrono Boost)  
  56  7:05  Probe (Chrono Boost)  
  56  7:06  Pylon  
  58  7:09  Pylon  
  58  7:13  Twilight Council, Probe (Chrono Boost)  
  60  7:15  Probe (Chrono Boost)  
  60  7:20  Protoss Ground Armor Level 1  
  60  7:25  Forge  
  60  7:28  Stalker x3  
  66  7:34  Stalker  
  68  7:38  Probe (Chrono Boost)  
  68  7:39  Probe x2 (Chrono Boost)  
  71  7:48  Probe (Chrono Boost)  
  71  7:49  Probe (Chrono Boost)  
  71  7:50  Colossus (Chrono Boost)  
  79  7:59  Colossus (Chrono Boost)  
  85  8:08  Probe x3  
  88  8:15  Extended Thermal Lance  
  88  8:20  Probe x2  
  88  8:24  Colossus (Chrono Boost)  
  88  8:26  Probe  
  97  8:32  Probe x2, Stalker  
  99  8:38  Probe  
  100  8:45  Photon Cannon  
  99  8:49  Photon Cannon  
  99  8:53  Probe  
  97  8:56  Stalker  
  97  8:59  Probe x2  
  101  9:03  Photon Cannon  
  101  9:05  Probe  
  102  9:11  Probe  
  102  9:13  Photon Cannon  
  102  9:16  Photon Cannon  
  103  9:17  Photon Cannon  
  103  9:19  Assimilator  
  103  9:20  Assimilator  
  103  9:23  Probe  
  104  9:25  Protoss Ground Armor Level 2 (Chrono Boost)  
  104  9:30  Protoss Ground Weapons Level 2 (Chrono Boost)  
  104  9:38  Templar Archives  
  104  9:52  Colossus  
  110  9:55  Nexus  
  110  9:56  Probe, Stargate  
  111  10:05  Blink  
  111  10:08  Stalker x2  
  111  10:10  Zealot  
  117  10:17  Assimilator  
  117  10:22  Assimilator  
  117  10:24  Pylon x2  
  117  10:28  Pylon, Photon Cannon  
  117  10:29  Probe x2  
  117  10:35  Warp Prism  
  121  10:40  Probe  
  121  10:41  Probe x2  
  124  10:45  Pylon  
  124  10:48  Pylon  
  124  10:49  Photon Cannon  
  124  10:52  Probe  
  124  10:56  Phoenix (Chrono Boost)  
  127  11:12  High Templar x2  
  127  11:13  High Templar x2  
  127  11:14  Psionic Storm  
  127  11:17  Protoss Ground Armor Level 3  
  137  11:18  Protoss Ground Weapons Level 3, Phoenix (Chrono Boost)  
  137  11:19  Archon  
  137  11:20  Probe, Archon  
  137  11:21  Probe x2  
  137  11:22  Probe  
  141  11:30  Photon Cannon  
  141  11:31  Probe  
  142  11:33  Photon Cannon  
  142  11:41  Phoenix (Chrono Boost)  
  142  11:45  Zealot x3  
  150  11:49  Probe  
  151  11:56  Colossus  
  157  12:03  Phoenix (Chrono Boost)  
  157  12:04  Colossus  
  157  12:06  Charge  
  165  12:11  Pylon  
  165  12:13  Pylon  
  165  12:17  Stalker x3  
  165  12:22  Colossus  
  177  12:31  Pylon  
  177  12:33  Photon Cannon  
  177  12:39  Stalker  
  177  12:40  Stalker  
  177  12:42  Zealot x2  
  185  12:58  Gateway  
  185  13:01  Gateway  
  185  13:03  Gateway, Phoenix (Chrono Boost)  
  185  13:04  Colossus  
  193  13:06  Colossus  
  189  13:35  High Templar x4  
  193  13:42  Mothership Core  
  193  13:46  Phoenix (Chrono Boost)  
  187  14:08  Phoenix (Chrono Boost), Stalker x2  
  187  14:09  Stalker x2  
  193  14:29  Phoenix (Chrono Boost)  
  195  14:39  Stalker x2  
Show
View Real Time Build Order
Export as new Build Order

Doom Terran - Winner!

Build Orders: Reaper Expand, MMM Bio 

Get SALT Encoding   

  12  0:02  SCV  
  13  0:14  SCV  
  13  0:21  Supply Depot  
  14  0:26  SCV  
  15  0:42  SCV  
  16  0:45  Barracks  
  16  0:47  Refinery  
  16  0:55  SCV  
  17  1:12  SCV  
  18  1:24  SCV  
  19  1:34  Reaper  
  19  1:36  Orbital Command  
  20  1:46  Command Center  
  20  2:04  SCV  
  20  2:06  Reaper  
  20  2:07  Supply Depot  
  22  2:10  Refinery  
  22  2:23  SCV  
  22  2:28  Factory  
  23  2:38  Barracks  
  23  2:48  Barracks Reactor  
  22  3:00  SCV  
  22  3:04  Orbital Command  
  23  3:28  Marine  
  23  3:29  Barracks Tech Lab  
  23  3:30  Factory Reactor  
  23  3:32  SCV  
  26  3:34  SCV  
  26  3:35  Starport  
  26  3:37  Marine  
  26  3:39  Factory Tech Lab  
  27  3:44  SCV  
  27  3:46  Marine  
  29  3:58  Siege Tank  
  29  3:59  Orbital Command, Marine  
  29  4:00  Stimpack  
  35  4:02  Marauder  
  35  4:04  Marine  
  36  4:15  Starport Reactor  
  24  4:28  Marine x2  
  24  4:29  Marauder  
  9  4:46  Marine x2  
  9  4:50  SCV  
  9  4:51  Marauder, SCV  
  15  5:04  Marine x2  
  17  5:10  Orbital Command  
  17  5:12  Marauder  
  13  5:22  Marine  
  12  5:40  SCV  
  12  5:41  SCV  
  14  5:55  SCV x2  
  16  6:07  SCV  
  16  6:28  Marine x2  
  16  6:29  Marauder  
  15  6:37  SCV x2  
  14  6:49  SCV x2  
  15  7:01  SCV  
  15  7:03  Liberator, SCV  
  16  7:13  SCV  
  16  7:15  SCV  
  18  7:22  Marine x2  
  22  7:23  Marine  
  22  7:25  SCV  
  22  7:27  SCV  
  26  7:37  SCV  
  26  7:39  SCV  
  28  7:44  Siege Tank  
  28  7:49  SCV  
  32  7:51  SCV  
  32  7:53  Marine  
  34  8:01  Medivac, SCV  
  34  8:04  SCV  
  38  8:11  Orbital Command  
  38  8:15  SCV  
  38  8:19  Engineering Bay  
  39  8:29  Marine x2  
  39  8:32  SCV  
  42  8:38  SCV  
  43  8:44  SCV  
  44  8:50  SCV  
  44  8:51  Missile Turret  
  45  8:56  SCV  
  46  9:07  Missile Turret  
  46  9:20  Supply Depot  
  46  9:21  SCV x2, Marine  
  46  9:23  Combat Shields, Supply Depot  
  46  9:28  Engineering Bay  
  46  9:37  Barracks x2  
  46  9:39  Factory Tech Lab  
  46  9:42  SCV, Marine  
  46  9:44  SCV  
  49  9:47  Supply Depot  
  49  9:50  Supply Depot  
  49  9:54  SCV  
  49  9:56  Terran Infantry Armor Level 1, Terran Infantry Weapons Level 1  
  49  9:57  Marine  
  49  9:59  Starport Reactor  
  51  10:01  SCV  
  52  10:08  Marine  
  52  10:11  SCV  
  54  10:14  Missile Turret  
  54  10:15  Refinery, SCV  
  54  10:17  Refinery  
  55  10:21  Marine  
  55  10:25  Marine x3  
  55  10:26  Marauder  
  61  10:36  Marine  
  61  10:39  Marine  
  61  10:40  Supply Depot  
  61  10:53  Marine x2  
  61  10:54  Marauder  
  61  10:56  Marine  
  60  10:57  SCV  
  61  11:08  Marine  
  61  11:09  Command Center  
  61  11:10  Marine x2  
  64  11:13  Siege Tank  
  65  11:20  Missile Turret  
  65  11:24  Marine  
  66  11:26  Medivac x2  
  66  11:30  SCV  
  66  11:31  SCV  
  72  11:34  Marine  
  72  11:39  Supply Depot  
  73  11:41  Marauder  
  73  11:43  Marine  
  73  11:45  Marine  
  77  11:49  Missile Turret  
  77  11:53  Marine x2  
  79  11:56  SCV x2  
  81  12:07  Armory  
  81  12:08  SCV x2  
  68  12:32  Marine  
  68  12:33  Marine x4  
  68  12:34  Marauder  
  58  12:40  Command Center  
  50  12:50  Marine x2  
  50  12:51  Marauder, Marine x2  
  54  12:55  Marauder  
  58  13:08  Marine x3  
  61  13:16  Marine x3  
  64  13:24  Orbital Command  
  64  13:26  Marine x2  
  66  13:33  Marine  
  66  13:34  Marine x2  
  66  13:35  Marauder  
  70  13:44  Marine x2  
  70  13:47  Missile Turret  
  72  13:56  Orbital Command  
  72  13:59  Marine x2  
  72  14:00  Marine x2  
  76  14:05  Siege Tank  
  79  14:22  Marine x3  
  82  14:33  Marine x3  
  82  14:35  Medivac x2  
  82  14:38  Refinery  
  89  14:39  Refinery  
  89  14:40  Marine  
  89  14:41  SCV, Supply Depot  
  89  14:42  SCV, Supply Depot  
  89  14:45  Marine x2  
  103  15:03  Barracks  
  103  15:04  Barracks  
Show
View Real Time Build Order
Export as new Build Order

SuzyBae Terran - Winner!

Build Orders:  

Get SALT Encoding   

  12  0:01  SCV  
  13  0:13  SCV  
  14  0:24  Supply Depot  
  14  0:25  SCV  
  15  0:46  Barracks, SCV  
  16  0:52  Refinery  
  16  0:55  Refinery  
  16  0:58  SCV  
  17  1:15  SCV  
  19  1:33  Reaper  
  19  1:36  Orbital Command  
  19  1:39  Supply Depot  
  19  1:52  Factory  
  19  2:03  SCV  
  19  2:05  Reaper  
  21  2:16  SCV  
  22  2:29  SCV  
  24  2:44  Widow Mine, Reaper  
  24  2:48  Starport  
  24  2:50  SCV  
  27  3:20  Widow Mine, Reaper  
  30  3:27  SCV  
  30  3:32  Engineering Bay  
  30  3:33  Command Center  
  31  3:38  Supply Depot  
  31  3:40  Supply Depot  
  31  3:43  SCV  
  31  3:56  Barracks Reactor  
  31  3:59  Medivac, Widow Mine  
  31  4:01  Missile Turret  
  35  4:03  SCV  
  36  4:15  Liberator  
  37  4:32  Widow Mine  
  40  4:45  SCV x2  
  39  5:01  Orbital Command  
  39  5:02  Orbital Command  
  38  5:37  Factory Reactor  
  36  5:45  SCV x2  
  38  5:58  SCV x2  
  38  5:59  Factory  
  38  6:01  Missile Turret  
  40  6:05  Barracks Tech Lab  
  38  6:33  Hellion x2, Orbital Command  
  38  6:34  Viking x2  
  38  6:37  SCV  
  44  6:55  Hellion x2  
  44  6:57  Siege Tank  
  44  7:00  SCV x2  
  53  7:03  Missile Turret  
  53  7:04  Viking x2  
  57  7:13  Infernal Pre-Igniter  
  57  7:16  SCV x2  
  55  7:28  SCV x2  
  55  7:29  Siege Tank  
  60  7:36  Refinery  
  60  7:38  Refinery, Hellion  
  60  7:41  SCV x2  
  62  7:47  Supply Depot  
  62  7:50  Supply Depot  
  62  8:06  Supply Depot  
  62  8:07  Supply Depot  
  62  8:09  Hellion, SCV x2, Cyclone  
  62  8:11  Siege Tank  
  72  8:17  Command Center  
  72  8:21  SCV x2, Supply Depot  
  72  8:22  Liberator  
  72  8:24  Viking  
  79  8:44  Armory  
  79  8:45  Armory  
  79  8:50  SCV x2  
  79  8:51  Hellion  
  83  9:08  Supply Depot  
  83  9:12  Hellion, Siege Tank  
  83  9:13  Hellion  
  83  9:14  SCV  
  91  9:35  SCV x2  
  91  9:36  Terran Vehicle Weapons Level 1, Terran Vehicle And Ship Armor Level 1  
  93  9:39  Liberator  
  93  9:40  Liberator  
  93  9:42  Missile Turret  
  93  9:48  Planetary Fortress  
  99  10:03  Refinery  
  99  10:05  SCV  
  99  10:06  Refinery  
  100  10:32  SCV x3  
  103  10:38  Hellion x2, Siege Tank  
  103  10:40  Liberator  
  103  10:42  Supply Depot x2  
  110  10:44  SCV x2  
  110  10:45  SCV  
  110  10:46  Liberator  
  113  10:59  Command Center  
  119  11:09  SCV x3  
  122  11:21  SCV x2  
  122  11:22  Siege Tank  
  122  11:23  Hellion x2  
  131  11:27  Liberator  
  131  11:28  Armory  
  131  11:29  Liberator  
  131  11:30  Terran Ship Weapons Level 1  
  131  11:34  Terran Vehicle Weapons Level 2  
  137  11:49  SCV x3  
  140  11:56  Supply Depot  
  140  11:57  Supply Depot  
  140  12:00  Supply Depot  
  140  12:02  SCV  
  141  12:09  Liberator  
  141  12:10  SCV x2  
  141  12:12  Liberator  
  143  12:18  Siege Tank  
  107  12:33  Hellion x2  
  101  12:50  Factory x2  
  101  12:51  Siege Tank  
  101  12:52  Liberator  
  101  12:54  Hellion x2  
  101  12:55  Liberator  
  101  12:57  Orbital Command  
  108  13:00  SCV x3  
  113  13:24  Siege Tank  
  98  13:29  Hellion x2  
  94  13:37  Factory Tech Lab x2, Liberator  
  94  13:38  Liberator  
  94  13:46  Refinery x2  
  94  13:48  SCV x4  
  97  13:53  Hellion  
  97  13:54  Hellion  
  108  13:56  Siege Tank, Command Center  
  108  13:57  Siege Tank x2  
  108  14:00  SCV x3  
  120  14:05  SCV  
  121  14:12  SCV x2  
  121  14:15  Hellion x2  
  127  14:28  Hellion  
  129  14:36  Hellion  
  129  14:37  Hellion  
  145  14:49  SCV x2  
Tags
 
Add a new tag
Caveats
  • Supply blocks, unpowered buildings, or Contaminate may cause inaccurate times.
  • Supply counts are checked every 10 seconds.